 Dungeon Sprint DCSS version 0.30.1-11-g7821555f0a (webtiles) character file.

Game seed: 545421240880926289

6850 Groucho the Ninja (level 10, -4/43 HPs)
             Began as a Felid Berserker on Jan 8, 2024.
             Was a High Priest of Trog.
             Slain by the 27-headed Lernaean hydra (9 damage)
             ... in the Dungeon (Sprint I: "Red Sonja").
             The game lasted 00:09:21 (2907 turns).

Groucho the Ninja (Felid Berserker)                 Turns: 2907, Time: 00:09:21

Health: -4/43      AC:  2    Str: 13      XL:     10   Next: 78%
Magic:  0/10       EV: 31    Int:  6 (7)  God:    Trog [*****.]
Gold:   1622       SH:  0    Dex: 20      Spells: 9/9 levels left
                                        Lives:  0   Deaths: 2

rFire   . .          .
                       - Unarmed
rCold   . . .        (shield unavailable)
rNeg    . . .        (body armour unavailable)
rPois   .            (helmet unavailable)
rElec   +            (cloak unavailable)
rCorr   .            (gloves unavailable)
SInv    +            (boots unavailable)
Will    +....        m - amulet of guardian spirit
Stlth   ++++++++++   n - ring of flight
HPRegen 0.27/turn    (no ring)
MPRegen 0.12/turn

%: no teleportation, random rage (3%), guardian spirit
@: flying, hasted, unable to read, very quick
A: very small, claws 1, fangs 3, see invisible, speed 1, shaggy fur 2, stealthy
paws, no weapons or thrown items, no armour, multi-lived, berserk 1,
deterioration 1, dopey 1, frail 2, low MP 1, electricity resistance, inability
to read after injury 1
a: Renounce Religion, Berserk, Trog's Hand, Brothers in Arms


You were in the Dungeon.
You worshipped Trog.
Trog was extremely pleased with you.
You visited 1 branch You collected 2248 gold pieces.
You spent 626 gold pieces at shops.

Inventory:

Jewellery
 m - an amulet of guardian spirit (around neck)
 n - a ring of flight (left paw)
Wands
 f - a wand of acid (6)
 g - a wand of charming (12)
 l - a wand of iceblast (17)
Scrolls
 i - a scroll of vulnerability
 o - a scroll of brand weapon {unknown}
 q - a scroll of identify {unknown}
Potions
 a - 2 potions of curing
 d - 2 potions of magic
 e - a potion of berserk rage
 p - a potion of ambrosia {unknown}
Miscellaneous
 j - a box of beasts
 k - a phial of floods


   Skills:
 + Level 12.8 Fighting
 + Level 16.2 Dodging
 O Level 27 Stealth
 + Level 12.8 Unarmed Combat
 + Level 13.4 Evocations


You had 9 spell levels left.
You didn't know any spells.
Your spell library was empty.

Dungeon Overview and Level Annotations

Branches:
Dungeon (1/1)

Altars:
Cheibriados
Dithmenos
Elyvilon
Fedhas
Gozag
Hepliaklqana
Kikubaaqudgha
Makhleb
Nemelex Xobeh
Okawaru
Qazlal
Ru
Sif Muna
Trog
Uskayaw
Vehumet
Wu Jian
Xom
Yredelemnul
Zin
The Shining One
Jiyva
Lugonu

Shops:
D *[[[?(*:*((=(?[*[=?[:

Annotations:
D Lernaean hydra


Innate Abilities, Weirdness & Mutations

You have sharp claws.
You have razor-sharp teeth.
You have supernaturally acute eyesight. (SInv)
You cover ground quickly. (Speed+)
You are covered in thick fur. (AC +2)
Your paws help you pounce on unaware monsters.
You are incapable of wielding weapons or throwing items.
You cannot wear armour.
You gain extra lives every three experience levels.
You sometimes lose your temper in combat.
Your body sometimes deteriorates upon taking damage.
You are dopey. (Int -2)
You are very frail. (-20% HP)
Your magical capacity is low. (-10% MP)
You are resistant to electric shocks. (rElec)
You occasionally lose the ability to read scrolls when taking damage.


Message History

You destroy the gargoyle!
Trog accepts your kill.
Unknown command.
Unknown command.
You now have 1352 gold pieces (gained 27).
You now have 1379 gold pieces (gained 27).
You now have 1406 gold pieces (gained 27).
You now have 1433 gold pieces (gained 27).
You now have 1460 gold pieces (gained 27).
You now have 1487 gold pieces (gained 27).
You now have 1514 gold pieces (gained 27).
You now have 1541 gold pieces (gained 27).
You now have 1568 gold pieces (gained 27).
You now have 1595 gold pieces (gained 27).
You now have 1622 gold pieces (gained 27).
Things that are here:
a +0 mace; 27 gold pieces The hornet buzzes angrily. x2
A merfolk siren comes into view. It is wielding a +0 spear.
There is an open door here.
The merfolk siren shouts!
The hornet buzzes angrily. x2
There is an open door here.
Found 54 gold pieces.
You reach down and close the door.
Found 54 gold pieces.
The 27-headed Lernaean hydra roars deafeningly!
The 27-headed Lernaean hydra completely misses you.
The 27-headed Lernaean hydra closely misses you.
The 27-headed Lernaean hydra misses you.
The 27-headed Lernaean hydra bites you!
Your body deteriorates!
You feel dopey.
The 27-headed Lernaean hydra bites you! x2
You feel threatened and lose the ability to read scrolls!
The 27-headed Lernaean hydra completely misses you.
The 27-headed Lernaean hydra bites you!
* * * LOW HITPOINT WARNING * * *
The 27-headed Lernaean hydra completely misses you.
The 27-headed Lernaean hydra barely misses you.
The 27-headed Lernaean hydra bites you!
You die... ###.# #.# #..# #)# yy#

####'# ##'##
##..†.# #~m~##
...#### #~~~~##
T### #~~~y~#######
#
####~~~y#~~~~~#○..
#..#'~~~+~@D~~○°○.
#..)##~~#~~~~~#○○○
#....######'###
#....# ≈≈≈ ######
≈≈≈≈≈ ~~~~~~
$$$$~~ ######


You could see the 27-headed Lernaean hydra.

Vanquished Creatures
  A fire giant (D)
  A hydra (D)
  2 centaur warriors (D)
  Sonja (D)
  A deep troll (D)
  A lindwurm (D)
  8 shining eyes (D)
  An oklob plant (D)
  A gargoyle (D)
  3 demonic crawlers (D)
  2 kobold demonologists (D)
  7 unseen horrors (D)
  A hornet (D)
  A slime creature (D)
  Sigmund (D)
  A yak (D)
  13 hogs (D)
  2 redbacks (D)
  7 floating eyes (D)
  An ogre (D)
  5 jellies (D)
  Ijyb (D)
62 creatures vanquished.

Vanquished Creatures (collateral kills)
  2 fire giants (D)
  A demonic crawler (D)
  7 necrophages (D)
  3 jellies (D)
13 creatures vanquished.

Vanquished Creatures (others)
  2 ballistomycete spores (D)
2 creatures vanquished.

Grand Total: 77 creatures vanquished

Notes
Turn   | Place    | Note
-------+----------+-------------------------------------------
     0 | D        | Groucho the Felid Berserker began the quest for the Orb.
     0 | D        | Reached XP level 1. HP: 10/10 MP: 2/2
     1 | D        | Noticed Ijyb
    13 | D        | Killed Ijyb
    14 | D        | Reached skill level 8 in Stealth
    14 | D        | Reached XP level 2. HP: 10/14 MP: 3/3
   241 | D        | Noticed an ogre
   247 | D        | Killed an ogre
   248 | D        | Reached skill level 12 in Stealth
   248 | D        | Reached XP level 3. HP: 17/17 MP: 4/4
   248 | D        | Reached XP level 4. HP: 21/21 MP: 5/5
   306 | D        | Noticed Sigmund
   315 | D        | Killed Sigmund
   315 | D        | Reached ** piety under Trog
   316 | D        | Reached skill level 17 in Stealth
   316 | D        | Reached XP level 5. HP: 21/24 MP: 6/6
   316 | D        | Gained mutation: You are covered in thick fur. (AC +2)
                  | [Felid growth]
   316 | D        | Reached XP level 6. HP: 24/28 MP: 7/7
   407 | D        | Found a shimmering blue altar of Sif Muna.
   408 | D        | Found an ornate altar of the Wu Jian Council.
   409 | D        | Found a radiant altar of Vehumet.
   416 | D        | Found Qusuizuc's Armour Emporium.
   416 | D        | Found an ancient bone altar of Kikubaaqudgha.
   416 | D        | Found a hazy altar of Hepliaklqana.
   416 | D        | Found a stormy altar of Qazlal.
   416 | D        | Found a hide-covered altar of Uskayaw.
   416 | D        | Found a blossoming altar of Fedhas.
   416 | D        | Found a bloodstained altar of Trog.
   416 | D        | Found an iron altar of Okawaru.
   416 | D        | Found a basalt altar of Yredelemnul.
   416 | D        | Found a glowing golden altar of the Shining One.
   416 | D        | Found a snail-covered altar of Cheibriados.
   416 | D        | Found a sacrificial altar of Ru.
   416 | D        | Found a glowing silver altar of Zin.
   416 | D        | Found a shadowy altar of Dithmenos.
   416 | D        | Found a white marble altar of Elyvilon.
   416 | D        | Noticed a yak
   417 | D        | Found an opulent altar of Gozag.
   418 | D        | Killed a yak
   419 | D        | Reached skill level 19 in Stealth
   419 | D        | Found a sparkling altar of Nemelex Xobeh.
   465 | D        | Found a burning altar of Makhleb.
   465 | D        | Found a shimmering altar of Xom.
   465 | D        | Noticed a slime creature
   466 | D        | Found a viscous altar of Jiyva.
   466 | D        | Found a corrupted altar of Lugonu.
   468 | D        | Killed a slime creature
   468 | D        | Reached *** piety under Trog
   469 | D        | Reached skill level 5 in Dodging
   469 | D        | Reached skill level 20 in Stealth
   469 | D        | Reached XP level 7. HP: 31/31 MP: 8/8
   489 | D        | Noticed a centaur warrior
   497 | D        | Noticed a centaur warrior
   498 | D        | Killed a centaur warrior
   499 | D        | Reached skill level 5 in Fighting
   499 | D        | Reached skill level 21 in Stealth
   499 | D        | Reached skill level 5 in Unarmed Combat
   499 | D        | Reached XP level 8. HP: 37/37 MP: 9/9
   499 | D        | Killed a centaur warrior
   500 | D        | Reached skill level 22 in Stealth
   500 | D        | Reached skill level 5 in Evocations
   509 | D        | Noticed a hornet
   512 | D        | Killed a hornet
   513 | D        | Reached XP level 9. HP: 42/42 MP: 10/10
   523 | D        | Noticed an oklob plant
   525 | D        | Killed an oklob plant
   525 | D        | Reached **** piety under Trog
   536 | D        | Reached skill level 23 in Stealth
   563 | D        | Noticed an unseen horror
   564 | D        | Noticed an unseen horror
   570 | D        | Killed an unseen horror
   572 | D        | Killed an unseen horror
   572 | D        | Reached ***** piety under Trog
   573 | D        | Reached skill level 10 in Dodging
   631 | D        | Reached skill level 24 in Stealth
   654 | D        | Found Sauxkist's Book Shoppe.
   654 | D        | Found Pikhlef's Assorted Antiques.
   654 | D        | Found Initas's Assorted Antiques.
   656 | D        | Found Iqaacugg's Weapon Emporium.
   656 | D        | Found Dihosex's Weapon Shop.
   656 | D        | Found Bethrus's Jewellery Shoppe.
   656 | D        | Found Voggayxi's Antique Weapon Boutique.
   656 | D        | Found Tyri's Magic Scroll Emporium.
   656 | D        | Found Jockylef's Antique Armour Shop.
   656 | D        | Found Galeski's Assorted Antiques.
   660 | D        | Found Ninoluc's Armour Boutique.
   661 | D        | Found Uleiheh's Magic Scroll Emporium.
   661 | D        | Found Teoxoasish's Jewellery Boutique.
   662 | D        | Found Ejowutz's Book Emporium.
   669 | D        | Bought a twisted copper wand for 104 gold pieces
   681 | D        | Bought an amulet of guardian spirit for 330 gold pieces
   681 | D        | Bought a ring of flight for 192 gold pieces
   734 | D        | Noticed a deep troll
   736 | D        | Killed a deep troll
   737 | D        | Reached XP level 10. HP: 49/49 MP: 11/11
   748 | D        | Found Axte's Armour Emporium.
  1043 | D        | Noticed Sonja
  1046 | D        | Killed Sonja
  1046 | D        | Reached ****** piety under Trog
  1400 | D        | Found Refenoot's Assorted Antiques.
  1411 | D        | Noticed a shining eye
  1411 | D        | Noticed a shining eye
  1411 | D        | Noticed a shining eye
  1411 | D        | Noticed a shining eye
  1411 | D        | Noticed a shining eye
  1411 | D        | Noticed a shining eye
  1414 | D        | Paralysed by a floating eye for 2 turns
  1422 | D        | Paralysed by a floating eye for 4 turns
  1429 | D        | Gained mutation: You sometimes lose your temper in combat.
                  | [a shining eye]
  1439 | D        | Killed a shining eye
  1580 | D        | Noticed a shining eye
  1580 | D        | Noticed a shining eye
  1581 | D        | Killed a shining eye
  1582 | D        | Reached skill level 25 in Stealth
  1584 | D        | Gained mutation: You are frail. (-10% HP) [a shining eye]
  1588 | D        | Gained mutation: You are resistant to electric shocks.
                  | (rElec) [a shining eye]
  1589 | D        | Killed a shining eye
  1589 | D        | Gained mutation: Your magical capacity is low. (-10% MP) [a
                  | shining eye]
  1590 | D        | Gained mutation: You are dopey. (Int -2) [a shining eye]
  1591 | D        | Killed a shining eye
  1594 | D        | Killed a shining eye
  1595 | D        | Reached skill level 10 in Evocations
  1595 | D        | Gained mutation: Your body sometimes deteriorates upon
                  | taking damage. [a shining eye]
  1597 | D        | Killed a shining eye
  1601 | D        | Killed a shining eye
  1601 | D        | Gained mutation: You occasionally lose the ability to read
                  | scrolls when taking damage. [a shining eye]
  1602 | D        | Reached skill level 10 in Fighting
  1602 | D        | Reached skill level 10 in Unarmed Combat
  1602 | D        | Reached XP level 11. HP: 48/48 MP: 10/10
  1603 | D        | Gained mutation: You are very frail. (-20% HP) [a shining
                  | eye]
  1604 | D        | Paralysed by a floating eye for 4 turns
  1611 | D        | Killed a shining eye
  1612 | D        | Reached skill level 26 in Stealth
  1620 | D        | Found Kap Mopn's Magic Scroll Shop.
  1620 | D        | Found Eceoqele's Armour Shoppe.
  1620 | D        | Found Jiseyn's Antique Weapon Boutique.
  1620 | D        | Found Puasum's Armour Emporium.
  1701 | D        | HP: 3/66 [demonic crawler (14)]
  1701 | D        | Demolished by a demonic crawler
  1702 | D        | Reached XP level 10. HP: -14/60 MP: 0/10
  1725 | D        | Killed a demonic crawler
  2105 | D        | Noticed a lindwurm
  2107 | D        | Killed a lindwurm
  2125 | D        | Reached skill level 27 in Stealth
  2538 | D        | Noticed a 12-headed hydra
  2540 | D        | Killed a 12-headed hydra
  2541 | D        | Reached XP level 11. HP: 44/44 MP: 10/10
  2584 | D        | Noticed a daeva
  2623 | D        | Reached skill level 15 in Dodging
  2797 | D        | Noticed a fire giant
  2813 | D        | Killed a fire giant
  2818 | D        | Noticed a fire giant
  2836 | D        | HP: 1/45 [fire giant/bolt of fire (22)]
  2840 | D        | Killed a fire giant
  2849 | D        | Noticed a fire giant
  2858 | D        | Noticed a fire giant
  2860 | D        | Killed a fire giant
  2860 | D        | Killed from afar by a fire giant
  2861 | D        | Reached XP level 10. HP: -33/43 MP: 0/10
  2862 | D        | Noticed a gargoyle
  2863 | D        | Noticed the 27-headed Lernaean hydra
  2875 | D        | Killed a gargoyle
  2900 | D        | Noticed a merfolk siren
  2907 | D        | Slain by the 27-headed Lernaean hydra

Illustrated notes

Levels and vault maps discovered:
D:        dungeon_sprint_1 [red_sonja_temple_1, red_sonja_temple_small_1]

Skill      XL: |  1  2  3  4  5  6  7  8  9 10 11 |
---------------+----------------------------------+-----
Stealth        | 8 12 17 20 21 22 24 27 26 | 27.0
Dodging        | 5 7 8 11 16 15 | 16.2
Evocations     | 2 4 6 8 12 13 | 13.4
Fighting       | 5 6 8 11 12 | 12.8
Unarmed Combat | 5 6 8 11 12 | 12.8

Action                     |  1- 3 |  4- 6 |  7- 9 | 10-12 || total
---------------------------+-------+-------+-------+-------++-------
  Melee: Unarmed           |    13 |    10 |    29 |   157 ||   209
         Bite              |       |       |     2 |    16 ||    18
         Punch             |       |       |       |    11 ||    11
 Invoke: Berserk           |     2 |     1 |     1 |     1 ||     5
         Trog's Hand       |       |       |     2 |     3 ||     5
         Brothers in Arms  |       |       |     1 |     7 ||     8
    Use: Scroll            |       |       |     1 |     1 ||     2
         Potion            |       |       |       |     4 ||     4
   Stab: Sleeping          |     1 |     3 |    12 |    12 ||    28
         Distracted        |       |       |       |     1 ||     1
 Armour: Skin              |       |       |       |     6 ||     6
  Dodge: Dodged            |     6 |     3 |    27 |   172 ||   208
